AoeStats
← K

Arena

509124728Analyzed
4v4 RM · 8d ago on Sep 25, 2026· 66m 6s· 8 players
Game mode
Random Map
Map size
Large (8 player)
Population
200
Speed
Normal
Resources
Standard
Victory
Conquest
Starting age
Dark Age
Ending age
Imperial Age
RankedLock teamsTeams togetherTeam positionsShared explorationLock speedFull tech treeHidden civsTurbo modeCheats
Victory
Defeat
🇬🇧 Bohemians · United Kingdom
1190
+9
🇨🇳 Cumans · China
1076
+14
🇨🇳 Spanish · China
998
+16
🇨🇳 Khmer · China
852
+33
🇺🇸 Aztecs · United States
1021
-17
🇫🇷 Vietnamese · France
1013
-15
🇹🇼 Byzantines · Taiwan
994
-14
🇿🇦 Malay · South Africa
967
-13
actions speak loudr than wololoo
10:47 Feudal Age
14:42 Castle Age
13:24 Gold Mining
13:54 Double-Bit Axe
15:56 Horse Collar
17:38 Redemption
18:29 Sanctity
19:11 Stone Mining
20:33 Bow Saw
29:03 Imperial Age
28:25 Eagle Warrior
30:45 Forging
30:35 Scale Mail Armor
31:43 Wheelbarrow
33:13 Garland Wars
32:18 Pikeman
38:31 Iron Casting
38:12 Chain Mail Armor
37:20 Elite Eagle Warrior
38:02 Squires
38:26 Conscription
39:12 Elite Jaguar Warrior
45:40 Blast Furnace
45:10 Plate Mail Armor
MessiahOVO
10:36 Feudal Age
11:17 Horse Collar
11:24 Double-Bit Axe
21:04 Castle Age
19:43 Scale Mail Armor
20:45 Forging
21:38 Pikeman
22:19 Squires
22:05 Gambesons
22:38 Chain Mail Armor
24:07 Elite Skirmisher
28:58 Imperial Age
26:30 Fletching
28:23 Bodkin Arrow
29:18 Padded Archer Armor
30:38 Conscription
31:24 Ballistics
33:31 Chemistry
34:20 Halberdier
36:17 Wheelbarrow
36:07 Bracer
36:39 Plate Mail Armor
38:01 Arson
39:28 Leather Archer Armor
42:14 Bombard Tower
42:05 Fortified Wall
41:53 Murder Holes
43:34 Thumb Ring
50:16 Treadmill Crane
50:47 Fortified Wall
56:34 Iron Casting
56:30 Ring Archer Armor
56:18 Husbandry
55:41 Light Cavalry
58:40 Hussar
59:55 Scale Barding Armor
60:27 Hand Cart
60:59 Hoardings
62:26 Chain Barding Armor
63:43 Plate Barding Armor
Bug Spencer
11:07 Feudal Age
15:07 Castle Age
13:27 Double-Bit Axe
14:16 Horse Collar
15:49 Loom
15:49 Town Watch
18:22 Wheelbarrow
19:31 Bow Saw
22:37 Elite Skirmisher
24:00 Hand Cart
24:15 Fletching
24:25 Padded Archer Armor
25:52 Bodkin Arrow
26:12 Leather Archer Armor
29:25 Gold Mining
29:30 Stone Mining
29:42 Heavy Plow
33:42 Imperial Age
30:43 Pikeman
31:25 Squires
31:40 Forging
33:20 Ballistics
34:16 Scale Mail Armor
34:52 Iron Casting
35:27 Chemistry
34:28 Bracer
35:01 Ring Archer Armor
34:53 Elite Fire Lancer
35:31 Arson
36:02 Chain Mail Armor
35:41 Imperial Skirmisher
38:04 Two-Man Saw
37:37 Crop Rotation
37:44 Stone Shaft Mining
37:42 Plate Mail Armor
37:19 Scale Barding Armor
37:55 Guilds
Exile
14:21 Feudal Age
17:25 Castle Age
19:24 Forging
21:10 Squires
20:56 Arson
24:54 Iron Casting
27:22 Man-at-Arms
34:06 Loom
38:29 Double-Bit Axe
40:22 Horse Collar
40:54 Bow Saw
42:05 Heavy Plow
42:42 Wheelbarrow
42:15 Town Watch
44:13 Hand Cart
43:27 Man-at-Arms
44:17 Long Swordsman
48:09 Imperial Age
45:44 Town Patrol
45:13 Pikeman
46:52 Gold Mining
47:43 Forced Levy
48:05 Conscription
47:08 Two-Handed Swordsman
47:10 Halberdier
48:57 Blast Furnace
YuangXue
9:57 Feudal Age
11:10 Double-Bit Axe
14:05 Castle Age
12:36 Horse Collar
22:47 Padded Archer Armor
27:38 Wheelbarrow
32:22 Imperial Age
31:06 Hand Cart
36:41 Gold Mining
36:44 Stone Mining
37:07 Bow Saw
41:03 Bloodlines
40:54 Husbandry
41:40 Cavalier
43:01 Pikeman
43:41 Squires
43:27 Gambesons
43:27 Arson
44:56 Scale Barding Armor
45:01 Forging
45:29 Supremacy
45:30 Conscription
45:58 Paladin
48:09 Chain Barding Armor
48:25 Iron Casting
48:59 Capped Ram
50:44 Plate Barding Armor
51:10 Blast Furnace
53:09 Elite Skirmisher
55:52 Chemistry
54:45 Guard Tower
54:40 Arrowslits
55:16 Ballistics
55:06 Fortified Wall
54:52 Murder Holes
55:07 Masonry
55:02 Fletching
55:28 Leather Archer Armor
56:53 Stone Shaft Mining
57:06 Hoardings
58:45 Loom
60:40 Bodkin Arrow
61:17 Ring Archer Armor
62:24 Bracer
SAOWEN
6:51 Loom
9:13 Feudal Age
9:54 Double-Bit Axe
11:11 Horse Collar
18:16 Wheelbarrow
20:42 Castle Age
20:30 Gold Mining
20:32 Stone Mining
20:55 Scale Barding Armor
22:07 Hand Cart
22:30 Gold Shaft Mining
22:06 Bow Saw
22:02 Heavy Plow
22:20 Bloodlines
24:08 Chain Barding Armor
23:59 Forging
26:53 Iron Casting
33:59 Imperial Age
35:21 Plate Barding Armor
35:47 Blast Furnace
35:26 Cavalier
36:21 Guilds
35:36 Elite Steppe Lancer
39:08 Conscription
40:08 Paladin
43:32 Crop Rotation
44:05 Two-Man Saw
45:44 Cuman Mercenaries
45:50 Steppe Husbandry
47:56 Padded Archer Armor
47:47 Fletching
50:09 Elite Kipchak
50:50 Bodkin Arrow
51:11 Leather Archer Armor
52:34 Thumb Ring
52:54 Parthian Tactics
52:51 Ballistics
53:32 Chemistry
54:07 Ring Archer Armor
65:48 Light Cavalry
Youduo
12:41 Feudal Age
14:59 Wheelbarrow
14:21 Gold Mining
14:18 Double-Bit Axe
14:15 Horse Collar
17:25 Castle Age
21:45 Imperial Age
20:53 Bow Saw
22:10 Heavy Plow
25:04 Hand Cart
25:54 Scale Barding Armor
26:02 Stone Mining
27:37 Crop Rotation
27:53 Husbandry
28:41 Forging
30:52 Gold Shaft Mining
30:53 Stone Shaft Mining
30:34 Bloodlines
33:01 Iron Casting
32:46 Chain Barding Armor
32:55 Masonry
32:53 Siege Engineers
33:37 Loom
33:39 Town Watch
34:56 Blast Furnace
34:30 Architecture
35:40 Plate Barding Armor
35:27 Fortified Wall
36:50 Conscription
36:31 Double Crossbow
35:53 Elite Ballista Elephant
36:45 Murder Holes
38:00 Tusk Swords
38:09 Caravan
38:58 Town Patrol
43:52 Coinage
42:55 Light Cavalry
52:41 Ballistics
62:07 Chemistry
65:57 Herbal Medicine
K
10:55 Feudal Age
15:25 Castle Age
13:57 Double-Bit Axe
16:33 Horse Collar
25:31 Heavy Plow
26:03 Loom
26:53 Wheelbarrow
29:49 Imperial Age
27:05 Town Watch
27:35 Bow Saw
27:37 Man-at-Arms
28:18 Squires
28:49 Scale Mail Armor
29:02 Long Swordsman
29:27 Arson
30:20 Forging
30:27 Chain Mail Armor
31:42 Chemistry
30:12 Pikeman
32:46 Two-Handed Swordsman
34:05 Plate Mail Armor
34:32 Champion
36:43 Two-Man Saw
36:31 Fletching
38:42 Forging
42:33 Iron Casting
42:06 Siege Engineers
45:27 Blast Furnace
50:14 Cavalier
50:56 Husbandry
60:54 Hand Cart
62:46 Scale Barding Armor
62:05 Light Cavalry
64:44 Chain Barding Armor
64:49 Conscription
65:15 Halberdier
Connection lost

Rejoining the realm…

Still unreachable

The connection could not be restored.

Session expired

The server has moved on; the page needs a fresh start.